 Dungeon Crawl Stone Soup version 0.28-a0-519-gbfeecf2fc5 (webtiles) character file.

Game seed: 5033850894995652670

9429 pascalblue the Geomancer (level 11, -7/54 HPs)
             Began as a Deep Elf Earth Elementalist on Sept 23, 2021.
             Was a Priest of Sif Muna.
             Killed by divine providence
             ... invoked by an orc priest
              (13 damage)
             ... on level 11 of the Dungeon.
             The game lasted 01:01:10 (11834 turns).

pascalblue the Geomancer (DEEE)                    Turns: 11834, Time: 01:01:11

Health: -7/54      AC:  7    Str:  5    XL:     11   Next: 22%
Magic:  3/24       EV: 27    Int: 24    God:    Sif Muna [***...]
Gold:   499        SH:  0    Dex: 15    Spells: 5/25 levels left

rFire   + . .      SeeInvis .   v - staff of air
rCold   + . .      Faith    .   (no shield)
rNeg    . . .      Spirit   .   j - +2 robe {rC+ rF+}
rPois   .          Reflect  .   l - +2 helmet
rElec   +          Harm     .   (no cloak)
rCorr   .          Rampage  .   (no gloves)
Will    +....                   (no boots)
Stlth   ++........              m - amulet of the acrobat
HPRegen 0.18/turn               i - ring of fire
MPRegen 0.19/turn               I - ring of ice

@: about to teleport, acrobatic
A: no striking features
a: Renounce Religion, Channel Magic, Forget Spell


You were on level 11 of the Dungeon.
You worshipped Sif Muna.
Sif Muna was most pleased with you.
You visited 2 branches of the dungeon, and saw 12 of its levels.

You collected 499 gold pieces.

Inventory:

Hand Weapons
 d - a +0 dagger
 r - a +3 vorpal dire flail
 H - the +9 quarterstaff of the Original Sin {freeze, rPois rF+}
   (You found it on level 10 of the Dungeon)

   It freezes those it strikes, dealing additional cold damage.
   It can also slow down cold-blooded creatures.
   rF:        It protects you from fire.
   rPois:     It protects you from poison.
Missiles
 c - 40 stones
 e - 50 poisoned darts
Armour
 b - a +0 robe
 j - a +2 robe of resistance (worn)
 l - a +2 helmet (worn)
 C - +0 acid dragon scales
Magical Staves
 p - a staff of cold
 v - a staff of air (weapon)
Jewellery
 i - a ring of fire (left hand)
 m - an amulet of the acrobat (around neck)
 q - an amulet of regeneration
 I - a ring of ice (right hand)
Wands
 n - a wand of iceblast (9)
 s - a wand of charming (8)
 y - a wand of acid (6)
 z - a wand of paralysis (4)
Scrolls
 k - 2 scrolls of teleportation
 o - 3 scrolls of fear
 u - 4 scrolls of enchant armour
 w - 4 scrolls of identify
 E - 2 scrolls of amnesia {unknown}
 F - a scroll of blinking
 G - 2 scrolls of fog
Potions
 f - a potion of lignification
 g - 3 potions of brilliance
 h - a potion of degeneration
 t - a potion of haste {unknown}
 x - a potion of ambrosia {unknown}
 A - a potion of cancellation {unknown}
 B - a potion of heal wounds {unknown}
 D - a potion of mutation {unknown}


   Skills:
 - Level 2.4 Dodging
 - Level 2.4 Stealth
 + Level 7.9 Spellcasting
 + Level 5.6 Conjurations
 - Level 4.9 Translocations
 + Level 5.4 Transmutations
 + Level 5.7 Fire Magic
 + Level 5.1 Ice Magic
 * Level 5.4 Air Magic
 - Level 9.4 Earth Magic
 - Level 8.1 Poison Magic
 + Level 0.6 Invocations


You had 5 spell levels left.
You knew the following spells:

 Your Spells              Type           Power      Damage    Failure   Level
a - Sandblast             Erth           100%       2d20      1%          1
b - Poisonous Vapours     Pois/Air       100%       N/A       1%          2
c - Ignite Poison         Fire/Tmut/Pois 57%        N/A       1%          3
d - Stone Arrow           Conj/Erth      90%        3d12      1%          3
e - Blink                 Tloc           N/A        N/A       1%          2
f - Passwall              Tmut/Erth      37%        N/A       1%          2
g - Static Discharge      Conj/Air       53%        N/A       1%          2
h - Lightning Bolt        Conj/Air       26%        1d42      19%         5

Your spell library contained the following spells:

 Spells                   Type           Power      Damage    Failure   Level
 Gell's Gravitas          Tloc           16%        N/A       2%          3
 Lesser Beckoning         Tloc           33%        N/A       2%          3
 Teleport Other           Tloc           33%        N/A       2%          3
 Olgreb's Toxic Radiance  Pois           48%        N/A       2%          4
 Petrify                  Tmut/Erth      45%        N/A       3%          4
 Alistair's Intoxication  Tmut/Pois      28%        N/A       11%         5
 Manifold Assault         Tloc           33%        N/A       24%         5
 Metabolic Englaciation   Hex/Ice        16%        N/A       54%         5
 Statue Form              Tmut/Erth      30%        N/A       43%         6
 Maxwell's Capacitive Co  Air            26%        ∞         100%        8


Dungeon Overview and Level Annotations

Branches:
Dungeon (11/15)            Temple (1/1) D:6            Lair (0/6) D:10
    Orc (0/2) D:10

Altars:
Elyvilon
Kikubaaqudgha
Makhleb
Ru
Sif Muna
Trog
Uskayaw
Wu Jian
Xom

Shops:
D:3 (   D:8 *

Portals:
Abyss: D:5
Gauntlet: D:11

Annotations:
D:7 2 transporters, Dittersdorf's ghost, novice GrFi


Message History

Okay, then.
Okay, then.
Casting: Ignite Poison (safe; 1% risk of failure)
Confirm with . or Enter, or press ? or * to list all spells.
Aiming: Poisonous Vapours (safe; 1% risk of failure)
Press: ? - help, Dir - move target, f - orc warrior
Aim: an orc warrior, wielding a +1 battleaxe of freezing and wearing a +0 plate armour You feel a surge of power!
Poisonous vapours surround the orc warrior!
The orc warrior is poisoned.
Casting: Poisonous Vapours (safe; 1% risk of failure)
Confirm with . or Enter, or press ? or * to list all spells.
You feel a surge of power!
You ignite the poison in your surroundings!
The orc warrior seems to burn from within!!!
You kill the orc warrior!
Sif Muna accepts your kill.
Okay, then.
That's the wrong kind of item! (Use * to select it.) Evoke which item? (* to show all) (? for menu, Esc to quit)
Okay, then.
Aiming: Iceblast
Press: ? - help, Shift-Dir - straight line
Okay, then.
Aiming: Corrosive Bolt
Press: ? - help, Shift-Dir - straight line, f - you
Okay, then.
Aiming: Paralyse
Press: ? - help, Shift-Dir - straight line, f - orc priest
Aim: an orc priest, wielding a +0 hand axe and wearing a +0 ring mail (chance to affect: 46%)
The orc priest resists with some effort.
Found a leather armour.
The centaur shoots an arrow.
The arrow closely misses you.
As you read the scroll of teleportation, it crumbles to dust.
You feel strangely unstable.
The centaur shoots an arrow.
The arrow closely misses you.
Found a glowing dagger.
The orc priest mumbles some strange prayers to Beogh against you.
Beogh smites you!
You die...

##..........##
#......
##.##.!....#
#...
#....o.### #.
#.....c#.###..
##..##.....[..
####.........
#..........
#.....(....
##.@.......
##........
#........
##.###... ##
#.) .


You could see a centaur and an orc priest.

Vanquished Creatures
  A two-headed ogre (D:10)
  A tengu warrior (D:10)
  Pikel (D:5)
  The ghost of RandomusNamus the Ducker, a novice DjFE (D:5)
  2 trolls
  A hornet (D:10)
  Grinder (D:6)
  A wraith (D:9)
  5 yaks (D:10)
  A shadow (D:10)
  A wyvern (D:8)
  Edmund (D:6)
  An acid dragon (D:8)
  Menkaure (D:7)
  3 water moccasins
  A hornet zombie (D:7)
  7 orc warriors
  4 black bears
  3 necrophages
  2 ogres
  7 centaurs
  2 lemures
  A phantom (D:5)
  4 kobold brigands
  A bullfrog (D:8)
  A scorpion (D:4)
  A gnoll sergeant (D:10)
  A water moccasin zombie (D:6)
  11 killer bees (D:9)
  8 wights
  4 howler monkeys
  3 centaur zombies
  12 orc priests
  2 hounds
  2 centaur skeletons (D:7)
  An iron imp (D:5)
  3 iguanas
  4 orc wizards
  2 killer bee zombies
  A hound skeleton (D:5)
  2 howler monkey zombies
  9 adders
  3 gnolls (D:10)
  3 shadow imps (D:5)
  3 white imps
  An ufetubus (D:4)
  An adder skeleton (D:4)
  3 worms
  4 dart slugs
  34 orcs
  7 endoplasms
  3 giant cockroaches
  7 hobgoblins
  3 jackals
  18 kobolds
  4 quokkas
  5 ball pythons
  8 bats
  8 frilled lizards
  12 goblins
  5 rats
253 creatures vanquished.

Vanquished Creatures (others)
  An orc wizard (D:11)
1 creature vanquished.

Grand Total: 254 creatures vanquished

Notes
Turn   | Place    | Note
-------+----------+-------------------------------------------
     0 | D:1      | pascalblue the Deep Elf Earth Elementalist began the quest
                  | for the Orb.
     0 | D:1      | Reached XP level 1. HP: 10/10 MP: 6/6
   259 | D:1      | Reached XP level 2. HP: 5/15 MP: 5/8
   450 | D:1      | Got the Guide on the Vitriolic Volcanoes
   460 | D:1      | Found a faded altar of an unknown god.
   651 | D:1      | Reached skill level 4 in Earth Magic
   767 | D:1      | Reached XP level 3. HP: 19/19 MP: 2/10
   833 | D:1      | Learned a level 2 spell: Poisonous Vapours
   837 | D:1      | Learned a level 3 spell: Ignite Poison
   841 | D:1      | Learned a level 3 spell: Stone Arrow
  2276 | D:2      | Reached XP level 4. HP: 23/24 MP: 11/11
  2491 | D:2      | Reached skill level 1 in Poison Magic
  2762 | D:3      | Noticed a necrophage
  2779 | D:3      | Reached skill level 1 in Air Magic
  2783 | D:3      | Killed a necrophage
  2784 | D:3      | Reached skill level 1 in Conjurations
  2784 | D:3      | Reached skill level 1 in Fire Magic
  2784 | D:3      | Reached XP level 5. HP: 24/28 MP: 1/13
  2911 | D:3      | Reached skill level 5 in Earth Magic
  3378 | D:3      | Found Yshroz's Antique Weapon Emporium.
  3422 | D:3      | Reached XP level 6. HP: 25/32 MP: 8/14
  3594 | D:3      | Learned a level 2 spell: Blink
  3789 | D:4      | Found a hide-covered altar of Uskayaw.
  4762 | D:5      | Entered Level 5 of the Dungeon
  4771 | D:5      | Reached XP level 7. HP: 32/36 MP: 8/16
  4851 | D:5      | Noticed RandomusNamus's ghost (novice DjFE)
  4989 | D:5      | Reached skill level 1 in Translocations
  4989 | D:5      | Reached skill level 1 in Ice Magic
  5089 | D:5      | Noticed Pikel
  5106 | D:5      | Killed Pikel
  5107 | D:5      | Reached skill level 5 in Spellcasting
  5107 | D:5      | Reached skill level 6 in Earth Magic
  5107 | D:5      | Reached XP level 8. HP: 24/41 MP: 10/18
  5477 | D:5      | Found a transporter.
  5485 | D:5      | Found a one-way gate to the infinite horrors of the Abyss.
  5552 | D:5      | Found a transporter.
  5582 | D:5      | Learned a level 2 spell: Passwall
  5712 | D:5      | Killed RandomusNamus's ghost
  5713 | D:5      | Reached skill level 7 in Earth Magic
  5713 | D:5      | Reached skill level 5 in Poison Magic
  5988 | D:5      | Reached XP level 9. HP: 35/45 MP: 15/19
  6193 | D:6      | Noticed Grinder
  6201 | D:6      | Paralysed by Grinder for 5 turns
  6209 | D:6      | Killed Grinder
  6342 | D:6      | Noticed Edmund
  6387 | D:6      | Killed Edmund
  7116 | D:6      | Found a staircase to the Ecumenical Temple.
  7134 | Temple   | Entered the Ecumenical Temple
  7183 | Temple   | Became a worshipper of Sif Muna the Loreminder
  7433 | D:7      | Noticed Dittersdorf's ghost (novice GrFi)
  7434 | D:7      | Found a transporter.
  7436 | D:7      | Identified the +9 dire flail of the Chain {protect, rPois
                  | rN+ Int+6}
  7436 | D:7      | Noticed a two-headed ogre
  7481 | D:7      | Found a transporter.
  7680 | D:7      | Noticed Menkaure
  7686 | D:7      | Killed Menkaure
  7901 | D:7      | Reached skill level 8 in Earth Magic
  8370 | D:7      | Identified the +1 leather armour of Boguex {rN+ Int-3
                  | Stlth+}
  8425 | D:8      | Found Gebamic's General Store.
  8430 | D:8      | Reached * piety under Sif Muna
  8537 | D:8      | Reached XP level 10. HP: 50/50 MP: 18/22
  9447 | D:9      | Reached ** piety under Sif Muna
  9738 | D:9      | Reached skill level 5 in Conjurations
  9738 | D:9      | Reached skill level 5 in Fire Magic
 10658 | D:10     | Entered Level 10 of the Dungeon
 10666 | D:9      | Reached skill level 9 in Earth Magic
 10780 | D:10     | Reached skill level 5 in Transmutations
 10863 | D:10     | Noticed a tengu warrior
 10875 | D:10     | Killed a tengu warrior
 10876 | D:10     | Reached skill level 5 in Air Magic
 11225 | D:10     | Identified the +9 quarterstaff of the Original Sin {freeze,
                  | rPois rF+}
 11237 | D:10     | Reached XP level 11. HP: 54/54 MP: 12/24
 11379 | D:10     | Noticed a two-headed ogre
 11381 | D:10     | Killed a two-headed ogre
 11386 | D:10     | Reached *** piety under Sif Muna
 11390 | D:10     | Learned a level 2 spell: Static Discharge
 11396 | D:10     | Learned a level 5 spell: Lightning Bolt
 11554 | D:10     | Found a staircase to the Orcish Mines.
 11605 | D:10     | Found a staircase to the Lair.
 11690 | D:11     | Reached skill level 5 in Ice Magic
 11809 | D:11     | Found a gate leading to a gauntlet.
 11834 | D:11     | Killed from afar by an orc priest

Illustrated notes

Levels and vault maps discovered:
D:1:      heliophobic_arrival_henge, layout_loops_cross,
          ebering_ecumenical_altar_mist, minmay_split_cup_small
D:2:      layout_loops_ring, kennysheep_big_empty_room
D:3:      layout_basic, serial_shops, shop, hangedman_decor_points
D:4:      layout_loops_ring, lemuel_doored_altar, minmay_goblin_kobold_house
D:5:      layout_rooms, gammafunk_ghost_abyssal_escape, uniq_pikel
D:6:      layout_cave_pools, minmay_temple_entry_nine_rooms, uniq_grinder,
          uniq_edmund
D:7:      layout_gridville, gammafunk_ghost_smash, uniq_menkaure
D:8:      layout_cave_pools, serial_column_ruins,
          column_ruins_courtyard_long_water, column_ruins_grid_3,
          column_ruins_grid_1, column_ruins_open_tiny,
          column_ruins_columns_plus, column_ruins_corridor_straight,
          column_ruins_grid_1, serial_shops, nicolae_stop_n_shop_2
D:9:      layout_roguey, amethyst_killhole
D:10:     minmay_general_purpose_star, layout_rooms, dpeg_oklobed_lair
D:11:     layout_cave_pools, gauntlet_entry_generic
Temple:   minmay_crystal_snake_temple

Skill      XL: |  1  2  3  4  5  6  7  8  9 10 11 |
---------------+----------------------------------+-----
Earth Magic    | 4 5 6 7 8 9 |  9.4
Poison Magic   | 1 2 3 4 5 6 7 8 |  8.1
Air Magic      | 1 2 3 4 5 |  5.4
Spellcasting   | 4 5 6 7 |  7.9
Conjurations   | 1 2 3 4 5 |  5.6
Fire Magic     | 1 2 3 4 5 |  5.7
Translocations | 1 2 3 4 |  4.9
Ice Magic      | 1 2 3 4 5 |  5.1
Transmutations | 2 3 4 5 |  5.4
Dodging        | |  2.4
Stealth        | |  2.4
Invocations    | |  0.6

Action                   |  1- 3 |  4- 6 |  7- 9 | 10-12 || total
-------------------------+-------+-------+-------+-------++-------
Melee: Dagger            |    87 |    60 |       |       ||   147
       Staff             |       |       |     5 |     1 ||     6
 Cast: Sandblast         |    34 |    78 |   138 |    87 ||   337
       Blink             |       |       |     2 |       ||     2
       Poisonous Vapours |       |       |    13 |    35 ||    48
       Ignite Poison     |       |       |     5 |    22 ||    27
Evoke: Wand              |       |       |       |     1 ||     1
  Use: Scroll            |     1 |     7 |     7 |     1 ||    16
       Potion            |       |       |     1 |     5 ||     6
 Stab: Sleeping          |     6 |     6 |       |       ||    12
       Distracted        |       |     1 |       |       ||     1
Armor: Robe              |    30 |    22 |    24 |    10 ||    86
Dodge: Dodged            |    68 |    59 |    51 |    40 ||   218

Table legend: (Time is in decaauts)
 A = Elapsed time spent in this place.
 B = Non-inter-level travel time spent in this place.
 C = Inter-level travel time spent in this place.
 D = Time resting spent in this place.
 E = Time spent auto-exploring this place.
 F = Levels seen in this place.
 G = Mean time per level.
                   A        B        C        D        E       F      G
               +--------+--------+--------+--------+--------+-----+--------+
         Total |  11835 |  11541 |    294 |   2017 |   6915 |  12 |  986.2 |
       Dungeon |  11749 |  11492 |    257 |   2017 |   6915 |  11 | 1068.1 |
        Temple |     86 |     49 |     37 |      0 |      0 |   1 |   86.0 |
               +--------+--------+--------+--------+--------+-----+--------+

Top non-repeatable levels by time:
     D:9: 1509 daAuts
     D:5: 1399 daAuts
     D:2: 1388 daAuts
     D:1: 1331 daAuts
     D:4: 1181 daAuts
     D:7: 1166 daAuts
    D:10: 1079 daAuts
     D:6: 985 daAuts
     D:3: 883 daAuts
     D:8: 767 daAuts
  Temple: 86 daAuts
    D:11: 55 daAuts
